 Dungeon Crawl Stone Soup version 0.20.1-1-g8b1a95d (webtiles) character file.

159739 totient the Warrior (level 17, -3/168 HPs)
             Began as a Minotaur Fighter on July 29, 2017.
             Was the Champion of Okawaru.
             Killed by angry trees
             ... awakened by a spriggan druid
              (8 damage)
             ... on level 4 of the Swamp on July 31, 2017.
             The game lasted 06:37:41 (37478 turns).

totient the Warrior (Minotaur Fighter)             Turns: 37478, Time: 06:37:42

Health: -3/168     AC: 27    Str: 29    XL:     17   Next: 16%
Magic:  22/22      EV: 22    Int:  5    God:    Okawaru [******]
Gold:   1803       SH: 10    Dex: 17    Spells: 16/16 levels left

rFire    . . .     SeeInvis .   F - +9 long sword
rCold    . . .     Gourm    +   W - +3 buckler {AC+3}
rNeg     . . .     Faith    .   v - +0 swamp dragon scales
rPois    +         Spirit   .   Y - +2 hat
rElec    .         Reflect  .   l - scarf {cloud immunity}
rCorr    .         Harm     .   p - +2 pair of gloves {Str+3}
MR       ++...                  D - +1 pair of boots
Stlth    +.........             M - amulet of the gourmand
Regen    0.4/turn               r - +2 ring of protection
MPRegen  0.2/turn               x - ring of protection from magic

@: mighty, heroism, very slow
A: retaliatory headbutt, horns 2
a: Heroism, Finesse, Renounce Religion


You were on level 4 of the Swamp.
You worshipped Okawaru.
Okawaru was exalted by your worship.
You were not hungry.

You visited 4 branches of the dungeon, and saw 27 of its levels.
You visited 1 bazaar.
You also visited: Sewer.

You collected 3060 gold pieces.
You spent 1257 gold pieces at shops.

Inventory:

Hand Weapons
 h - the +8 arbalest of the Red Skies {flame, Int+3}
   (Okawaru gifted it to you on level 3 of the Lair of Beasts)

   It causes projectiles fired from it to burn those they strike, causing extra
   injury to most foes and up to half again as much damage against particularly
   susceptible opponents.
   It affects your intelligence (+3).
 t - a +3 long sword of electrocution
 u - the +4 arbalest of Contradiction {venom, *Slow +Fly rN+ SInv}
   (Okawaru gifted it to you on level 5 of the Lair of Beasts)

   It poisons the ammo it fires.
   It protects you from negative energy.
   It lets you see invisible.
   It lets you fly.
   It may slow you when you take damage.
 F - a +9 long sword (weapon)
 V - the +11 hand crossbow of Frustration {venom, rPois rC+ rN+}
   (You found it on level 9 of the Dungeon)

   It poisons the ammo it fires.
   It protects you from cold.
   It protects you from poison.
   It protects you from negative energy.
Missiles
 U - 75 bolts
Armour
 l - a scarf of cloud immunity (worn)
 p - a +2 pair of gloves of strength (worn)
 v - +0 swamp dragon scales (worn)
 B - the +1 robe "Viunt" {+Blink Str+2}
   (You found it on level 5 of the Dungeon)

   It affects your strength (+2).
   It lets you blink.
 D - a +1 pair of boots (worn)
 H - +0 acid dragon scales
 W - a +3 buckler of protection (worn)
 Y - a +2 hat (worn)
Jewellery
 a - an uncursed ring of flight
 r - a +2 ring of protection (left hand)
 x - a ring of protection from magic (right hand)
 y - an uncursed ring of resist corrosion
 E - a +3 ring of strength
 M - an amulet of the gourmand (around neck)
 P - the ring "Orchu Fieze" {Str+6 Int-5 Dex+6 Slay+3}
   (You bought it in a shop on level 9 of the Dungeon)

   [ring of slaying]

   It affects your strength (+6).
   It affects your intelligence (-5).
   It affects your dexterity (+6).
   It affects your accuracy and damage with ranged weapons and melee attacks
   (+3).
Wands
 j - a wand of lightning (7/15)
 q - a wand of acid (9/15)
 J - a wand of flame (15/48)
Scrolls
 e - 7 scrolls of identify
 g - a scroll of silence
 k - 4 scrolls of teleportation
 m - 11 scrolls of remove curse
 z - 3 scrolls of summoning
 A - 4 scrolls of fear
 I - 3 scrolls of holy word
 N - 2 scrolls of fog
 Q - a scroll of magic mapping
 S - a scroll of enchant weapon
Potions
 b - 2 potions of might
 d - 5 potions of flight
 G - 5 potions of curing
 K - a potion of resistance
 O - a potion of berserk rage
 R - 3 potions of cancellation
 Z - 2 potions of haste
Books
 n - a book of Conjurations

   Spells                             Type                      Level
   a - Magic Dart                     Conjuration                  1
   b - Searing Ray                    Conjuration                  2
   c - Dazzling Spray                 Conjuration/Hexes            3
   d - Fulminant Prism                Conjuration/Hexes            4
   e - Force Lance                    Conjuration/Translocation    4
   f - Iskenderun's Mystic Blast      Conjuration                  4
 C - a book of Callings

   Spells                             Type                      Level
   a - Summon Small Mammal            Summoning                    1
   b - Call Imp                       Summoning                    2
   c - Call Canine Familiar           Summoning                    3
   d - Summon Guardian Golem          Hexes/Summoning              3
   e - Summon Lightning Spire         Summoning/Air                4
   f - Summon Ice Beast               Ice/Summoning                4
Miscellaneous
 i - a fan of gales
 o - a phial of floods
 w - a lamp of fire
Comestibles
 c - 15 royal jellies
 f - 14 bread rations
 X - 9 meat rations


   Skills:
 + Level 19.4(24.4) Fighting
   Level 1.6(12.4) Short Blades
 + Level 12.2(17.2) Long Blades
 + Level 16.0(21.0) Crossbows
 + Level 15.0(20.0) Armour
 + Level 9.1(14.1) Dodging
 - Level 4.0(9.0) Shields
 - Level 8.0 Invocations
 - Level 7.0 Evocations


You had 16 spell levels left.
You didn't know any spells.

Dungeon Overview and Level Annotations

Branches:
Dungeon (15/15)            Temple (0/1) D:5            Lair (6/6) D:8
  Swamp (4/4) Lair:3        Snake (0/4) Lair:4        Slime (0/5) Lair:6
    Orc (2/2) D:12            Elf (0/3) Orc:2        Vaults (0/5) D:13
 Depths (0/5) D:15

Altars:
Ashenzari
Dithmenos
Elyvilon
Fedhas
Gozag
Okawaru
Sif Muna
Trog
Uskayaw
Vehumet
Zin
The Shining One
Beogh
Jiyva

Shops:
D:9 =****   D:10 }   Orc:2 (*[:

Portals:
Trove: D:13 (give 8 potions of agility)

Annotations:
D:15 1 runed door, DocEon's ghost, journeyman MiBe


Innate Abilities, Weirdness & Mutations

You reflexively headbutt those who attack you in melee.
You have a pair of horns on your head.


Message History

You headbutt the swamp dragon.
The swamp dragon claws you but does no damage.
The swamp dragon closely misses you.
You slash the swamp dragon!
The swamp dragon is almost dead.
Your surroundings seem slightly different.
Splash!
You fall into the shallow water.
Moving in this stuff is going to be slow.
You hear a roar!
A root smacks you from below.
* * * LOW HITPOINT WARNING * * *
The swamp drake breathes noxious fumes at you.
The noxious blast engulfs you!
As you read the scroll of fear, it crumbles to dust.
You assume a fearsome visage.
The swamp drake looks frightened!
The six-headed hydra looks frightened!
The swamp dragon looks frightened! x2
The four-headed hydra looks frightened!
The spriggan druid looks frightened!
A root smacks you from below.
You die...

..♣♣≈ ♣♣
♣♣...♣ .♣♣.
≈≈♣≈♣♣ ≈(≈♣
♣.(≈♣ ≈!≈.
♣..♣♣ ≈≈
♣♣§§≈♣♣ ♣
♣§§§D(♣♣ #
♣@DD§i♣
♣§§)D.≈♣
♣.§§≈≈≈.♣
♣.≈≈.≈≈.≈♣
≈.k.≈≈≈≈≈♣♣
≈≈≈≈≈≈≈≈≈♣♣
♣≈≈≈≈§≈≈≈≈≈≈
♣≈≈.≈≈≈≈♣≈≈≈♣≈
# ♣≈≈♣


You could see a six-headed hydra (fleeing), a four-headed hydra (fleeing), 2
swamp dragons, a spriggan druid (fleeing) and a swamp drake (fleeing).

Vanquished Creatures
  Rupert (Orc:2)
  3 thorn hunters
  Aizul (Swamp:3)
  2 orc warlords
  Louise (Swamp:2)
  Snorg (Orc:2)
  An ettin (Orc:1)
  A fire dragon (Lair:6)
  Fannar (Lair:3)
  A vault guard (D:13)
  A ghost crab (Swamp:4)
  6 two-headed ogres
  18 hydras
  4 centaur warriors
  A catoblepas (Lair:5)
  2 tengu warriors (D:13)
  A queen ant (Lair:3)
  4 alligators
  5 orc high priests
  A death yak (Lair:5)
  2 skeletal warriors (D:15)
  2 spriggan druids
  An unseen horror (D:14)
  10 swamp dragons
  A flayed ghost (D:15)
  A shambling mangrove (Swamp:3)
  15 ugly things
  A necromancer (D:15)
  2 cyclopes
  5 orc knights
  A deep elf mage (D:12)
  2 manticores
  7 orc sorcerers
  A frost giant skeleton (D:15)
  A spriggan zombie (D:15)
  6 centaur zombies
  5 elephants (Lair:6)
  Psyche (D:12)
  25 spiny frogs
  5 rime drakes (Lair:6)
  2 kobold demonologists
  10 komodo dragons
  2 hellwings (D:8)
  9 trolls
  A polar bear (Lair:2)
  10 hornets
  3 meliai (D:14)
  A queen bee (Lair:2)
  8 tyrant leeches
  26 slime creatures
  A meliai zombie (D:8)
  21 blink frogs
  6 bog bodies
  6 hippogriffs
  A deep troll zombie (D:15)
  Sigmund (D:5)
  A spriggan skeleton (D:15)
  51 yaks
  3 spriggans
  6 wyverns
  4 shadows
  Eustachio (D:6)
  Grum (D:8)
  The ghost of slughead42 the Shield-Bearer, an amateur FoFi (Sewer)
  3 basilisks
  23 vampire mosquitoes
  A steam dragon (Lair:6)
  7 wargs
  2 nagas (Lair:4)
  3 hungry ghosts
  15 insubstantial wisps
  16 swamp worms
  9 soldier ants
  Edmund (D:6)
  4 acid dragons
  Duvessa (D:5)
  12 water moccasins
  6 porcupines
  17 swamp drakes
  37 orc warriors
  2 ice beasts
  2 eyes of draining
  3 phantoms
  3 sky beasts
  4 black bears
  A necrophage (D:9)
  12 wolves
  An eye of draining (shapeshifter) (D:13)
  16 ogres
  3 boggarts (D:15)
  11 centaurs
  16 crocodiles
  5 big kobolds
  22 bullfrogs
  A wyvern zombie (D:8)
  Dowan (D:5)
  A water moccasin zombie (D:9)
  A scorpion (shapeshifter) (D:7)
  29 killer bees
  3 scorpions
  12 wights
  5 electric eels
  5 howler monkeys
  7 crimson imps
  17 orc priests
  A bullfrog zombie (D:8)
  A jelly (D:13)
  2 bullfrog skeletons
  7 hounds
  20 orc wizards
  3 centaur skeletons
  10 iguanas
  A gnoll shaman (D:8)
  25 worker ants
  2 hound zombies
  3 hound skeletons (D:7)
  A worker ant zombie (D:5)
  A howler monkey zombie (D:5)
  11 gnolls
  17 adders
  A howler monkey skeleton (D:9)
  3 river rats
  11 shadow imps
  An ooze (D:5)
  4 adder skeletons
  2 dart slugs (D:1)
  5 leopard geckos
  102 orcs
  3 ball pythons
  6 giant cockroaches
  7 goblins
  7 hobgoblins
  18 jackals
  4 quokkas (D:3)
  6 bats
  5 frilled lizards
  A jackal zombie (D:7)
  32 kobolds
  2 leopard gecko skeletons (D:6)
  A quokka skeleton (D:4)
  12 rats
  A plant (Lair:6)
1005 creatures vanquished.

Vanquished Creatures (others)
  Nikola (Swamp:1)
  An ugly thing (Swamp:3)
  An orc (D:12)
  11 fungi
  42 plants
  A withered plant (D:8)
57 creatures vanquished.

Grand Total: 1062 creatures vanquished

Notes
Turn   | Place    | Note
-------+----------+-------------------------------------------
     0 | D:1      | totient the Minotaur Fighter began the quest for the Orb.
     0 | D:1      | Reached XP level 1. HP: 19/19 MP: 0/0
   181 | D:1      | Reached XP level 2. HP: 27/27 MP: 1/1
   197 | D:1      | Reached skill level 4 in Fighting
   791 | D:1      | Reached XP level 3. HP: 34/34 MP: 2/2
   943 | D:2      | Reached skill level 5 in Fighting
  1248 | D:3      | Found a radiant altar of Vehumet.
  1365 | D:3      | Reached XP level 4. HP: 42/42 MP: 3/3
  1400 | D:3      | Found a glowing drain.
  1445 | Sewer    | Entered a sewer
  1454 | Sewer    | Reached skill level 6 in Fighting
  1482 | Sewer    | Noticed slughead42's ghost (amateur FoFi)
  1492 | Sewer    | Killed slughead42's ghost
  1492 | Sewer    | Reached skill level 7 in Fighting
  1492 | Sewer    | Reached skill level 5 in Armour
  1492 | Sewer    | Reached XP level 5. HP: 31/52 MP: 4/4
  1517 | Sewer    | Reached XP level 6. HP: 34/60 MP: 5/5
  1534 | Sewer    | Found a white marble altar of Elyvilon.
  1847 | D:3      | Found a shattered altar of Ashenzari.
  2322 | D:4      | Reached skill level 8 in Fighting
  2539 | D:4      | Reached XP level 7. HP: 69/69 MP: 6/6
  2597 | D:4      | Found a blossoming altar of Fedhas.
  2598 | D:4      | Found an iron altar of Okawaru.
  2604 | D:4      | Became a worshipper of Warmaster Okawaru
  2982 | D:5      | Entered Level 5 of the Dungeon
  3011 | D:5      | Reached skill level 9 in Fighting
  3039 | D:5      | Found a staircase to the Ecumenical Temple.
  3044 | D:5      | Got a transparent robe
  3055 | D:5      | Identified the +1 robe "Viunt" {+Blink Str+2} (You found it on level 5 of the Dungeon)
  3224 | D:5      | Noticed Sigmund
  3234 | D:5      | Killed Sigmund
  3452 | D:5      | Reached XP level 8. HP: 39/79 MP: 7/7
  3931 | D:5      | Noticed Dowan
  3933 | D:5      | Noticed Duvessa
  3947 | D:5      | Killed Duvessa
  3947 | D:5      | Reached * piety under Okawaru
  3947 | D:5      | Reached skill level 10 in Fighting
  3953 | D:5      | Killed Dowan
  4581 | D:6      | Noticed Edmund
  4591 | D:6      | Killed Edmund
  4591 | D:6      | Reached skill level 11 in Fighting
  4607 | D:6      | Noticed Eustachio
  4615 | D:6      | Killed Eustachio
  5213 | D:7      | Reached ** piety under Okawaru
  5213 | D:7      | Reached XP level 9. HP: 90/90 MP: 8/8
  5249 | D:7      | Reached skill level 12 in Fighting
  5372 | D:7      | Found an opulent altar of Gozag.
  5453 | D:7      | Found a bloodstained altar of Trog.
  5583 | D:7      | Reached skill level 1 in Short Blades
  5588 | D:7      | Reached skill level 1 in Invocations
  5630 | D:7      | Found a transporter.
  5651 | D:7      | Found a transporter.
  5716 | D:7      | Found a shadowy altar of Dithmenos.
  5738 | D:7      | Found a deep blue altar of Sif Muna.
  5742 | D:7      | Noticed a black mamba
  5742 | D:7      | a hippogriff changed into a black mamba
  5759 | D:7      | Noticed a meliai
  5759 | D:7      | a black mamba changed into a meliai
  5762 | D:7      | Noticed a spiny frog
  5762 | D:7      | a meliai changed into a spiny frog
  5772 | D:7      | Noticed a rime drake
  5772 | D:7      | a spiny frog changed into a rime drake
  5829 | D:7      | Reached *** piety under Okawaru
  6015 | D:8      | Reached skill level 13 in Fighting
  6015 | D:8      | Reached skill level 10 in Armour
  6017 | D:8      | Noticed a hellwing
  6019 | D:8      | Noticed a hellwing
  6032 | D:8      | Reached XP level 10. HP: 98/101 MP: 8/11
  6037 | D:8      | Reached **** piety under Okawaru
  6303 | D:8      | Noticed Grum
  6312 | D:8      | Reached skill level 5 in Long Blades
  6322 | D:8      | Killed Grum
  6433 | D:8      | Reached ***** piety under Okawaru
  6433 | D:8      | Reached skill level 14 in Fighting
  6581 | D:8      | Found a staircase to the Lair.
  6926 | D:8      | Found a white marble altar of Elyvilon.
  6926 | D:8      | Noticed a two-headed ogre
  6931 | D:8      | Killed a two-headed ogre
  6931 | D:8      | Received a gift from Okawaru
  6931 | D:8      | Reached skill level 5 in Invocations
  6931 | D:8      | Reached XP level 11. HP: 85/111 MP: 9/13
  7749 | D:9      | Reached skill level 1 in Crossbows
  7995 | D:9      | Found Kokyb's General Store.
  8001 | D:9      | Found Ucsearih's Assorted Antiques.
  8023 | D:9      | Bought a potion of flight for 36 gold pieces
  8023 | D:9      | Bought a potion of heal wounds for 60 gold pieces
  8037 | D:9      | Found Siteed's Assorted Antiques.
  8042 | D:9      | Bought 3 scrolls of identify for 150 gold pieces
  8150 | D:9      | Found Femank's Jewellery Emporium.
  8221 | D:9      | Paralysed by a hornet for 3 turns
  8598 | D:9      | Noticed an eight-headed hydra
  8688 | D:8      | Killed an eight-headed hydra
  8689 | D:8      | Noticed a two-headed ogre
  9084 | D:9      | Noticed a two-headed ogre
  9098 | D:9      | Killed a two-headed ogre
  9136 | D:9      | Noticed a two-headed ogre
  9175 | D:9      | Got a polished hand crossbow
  9176 | D:9      | Identified the +11 hand crossbow of Frustration {venom, rPois rC+ rN+} (You found it on level 9 of the Dungeon)
  9584 | D:9      | Killed a two-headed ogre
  9659 | D:9      | Found Ewnekeff's General Store.
  9797 | D:9      | Found a runed door.
  9798 | D:9      | Found a runed door.
  9798 | D:9      | Noticed a centaur warrior
  9959 | D:9      | Received a gift from Okawaru
 10069 | D:9      | Reached skill level 15 in Fighting
 10199 | Lair:1   | Entered Level 1 of the Lair of Beasts
 10280 | Lair:1   | Reached skill level 5 in Crossbows
 10325 | Lair:1   | Found a deep blue altar of Sif Muna.
 10340 | Lair:1   | Noticed a seven-headed hydra
 10353 | Lair:1   | Killed a seven-headed hydra
 11323 | Lair:1   | Reached XP level 12. HP: 105/121 MP: 15/15
 11747 | Lair:2   | Received a gift from Okawaru
 12122 | Lair:2   | Received a gift from Okawaru
 12209 | Lair:2   | Found a hide-covered altar of Uskayaw.
 12648 | Lair:2   | Received a gift from Okawaru
 12814 | Lair:3   | Noticed a queen ant
 12820 | Lair:3   | Killed a queen ant
 12899 | Lair:3   | Noticed a six-headed hydra
 12904 | Lair:3   | Killed a six-headed hydra
 13067 | Lair:3   | Received a gift from Okawaru
 13073 | Lair:3   | Reached skill level 16 in Fighting
 13165 | Lair:3   | Reached XP level 13. HP: 130/130 MP: 18/18
 13296 | Lair:3   | Noticed Fannar
 13305 | Lair:3   | Killed Fannar
 13305 | Lair:3   | Received a gift from Okawaru
 13306 | Lair:3   | Got a slimy arbalest {god gift}
 13312 | Lair:3   | Identified the +8 arbalest of the Red Skies {flame, Int+3} (Okawaru gifted it to you on level 3 of the Lair of Beasts)
 13476 | Lair:3   | Found a staircase to the Swamp.
 14087 | Lair:4   | Got a pair of fine gloves
 14098 | Lair:4   | Identified the cursed -1 pair of gloves of the Desolation of Salt {Regen+ Int+3 Dex+5} (You found it on level 4 of the Lair of Beasts)
 14399 | Lair:4   | Found a staircase to the Snake Pit.
 15007 | Lair:5   | Reached skill level 1 in Evocations
 15223 | Lair:5   | Reached XP level 14. HP: 138/138 MP: 19/19
 15264 | Lair:5   | Received a gift from Okawaru
 15265 | Lair:5   | Got a twisted arbalest {god gift}
 15271 | Lair:5   | Identified the +4 arbalest of Contradiction {venom, *Slow +Fly rN+ SInv} (Okawaru gifted it to you on level 5 of the Lair of Beasts)
 15932 | Lair:6   | Entered Level 6 of the Lair of Beasts
 16015 | Lair:6   | Reached skill level 17 in Fighting
 16086 | Lair:6   | Found a staircase to the Slime Pits.
 16089 | Lair:6   | Found a viscous altar of Jiyva.
 16630 | Lair:6   | Reached ****** piety under Okawaru
 16630 | Lair:6   | Received a gift from Okawaru
 18487 | D:10     | Entered Level 10 of the Dungeon
 19084 | D:10     | Found Ipeariv's Gadget Boutique.
 19384 | D:9      | Bought 13 bolts for 39 gold pieces
 19384 | D:9      | Bought 13 bolts for 39 gold pieces
 20731 | D:11     | Received a gift from Okawaru
 20731 | D:11     | Reached skill level 5 in Evocations
 20885 | D:11     | Reached skill level 1 in Dodging
 21612 | D:12     | Found a staircase to the Orcish Mines.
 21620 | D:12     | Noticed Psyche
 21625 | D:12     | Killed Psyche
 21625 | D:12     | Received a gift from Okawaru
 22102 | Orc:1    | Entered Level 1 of the Orcish Mines
 22481 | D:12     | Reached XP level 15. HP: 90/149 MP: 20/20
 23560 | Orc:2    | Entered Level 2 of the Orcish Mines
 23560 | Orc:2    | Found a roughly hewn altar of Beogh.
 23598 | Orc:2    | Reached skill level 18 in Fighting
 23614 | Orc:2    | Found Seibbieta's Antique Weapon Emporium.
 23725 | Orc:2    | Noticed Snorg
 23738 | Orc:2    | Killed Snorg
 24186 | Orc:2    | Noticed Rupert
 24187 | Orc:2    | Received a gift from Okawaru
 24198 | Orc:2    | Paralysed by Rupert for 2 turns
 24201 | Orc:2    | Paralysed by Rupert for 7 turns
 24203 | Orc:2    | Killed Rupert
 24577 | Orc:2    | Found Ocrukhok's Antique Armour Boutique.
 24605 | Orc:2    | Noticed an orc warlord
 24633 | Orc:2    | Killed an orc warlord
 24691 | Orc:2    | Found Uchey's General Store.
 24786 | Orc:2    | Received a gift from Okawaru
 24796 | Orc:2    | Found Poluogge's Book Boutique.
 24844 | Orc:2    | Found a staircase to the Elven Halls.
 24846 | Orc:2    | Found a flickering gateway to a bazaar.
 24861 | Bazaar   | Entered a bazaar
 24861 | Bazaar   | Found Cusiukem's Distillery.
 24861 | Bazaar   | Found Tasak's Weapon Emporium.
 24862 | Bazaar   | Found Reguih's Antique Weapon Shoppe.
 24862 | Bazaar   | Found Fuogiom's Antique Armour Emporium.
 26006 | Orc:2    | Noticed an orc warlord
 26031 | Orc:1    | Received a gift from Okawaru
 26173 | Orc:1    | Killed an orc warlord
 26173 | Orc:1    | Received a gift from Okawaru
 26801 | D:9      | Bought the ring "Orchu Fieze" {Str+6 Int-5 Dex+6 Slay+3} for 933 gold pieces
 26802 | D:9      | Lost intelligence.
 27097 | D:13     | Found a roughly hewn altar of Beogh.
 27555 | D:13     | Found a portal to a secret trove of treasure.
 28008 | D:13     | Reached skill level 5 in Dodging
 28187 | D:13     | Reached skill level 15 in Crossbows
 28445 | D:13     | Found a gate to the Vaults.
 28718 | D:14     | Reached skill level 10 in Long Blades
 29073 | D:14     | Received a gift from Okawaru
 29073 | D:14     | Reached XP level 16. HP: 137/159 MP: 21/21
 29075 | D:14     | Got a twisted plate armour {god gift}
 29086 | D:14     | Identified the +1 plate armour of Tender Moments {Slay+2} (Okawaru gifted it to you on level 14 of the Dungeon)
 29170 | D:14     | Found a glowing golden altar of the Shining One.
 29278 | D:15     | Entered Level 15 of the Dungeon
 29311 | D:15     | Found a glowing silver altar of Zin.
 29312 | D:15     | Found a runed door.
 29411 | D:15     | Found a staircase to the Depths.
 29641 | D:15     | Noticed DocEon's ghost (journeyman MiBe)
 30122 | Swamp:1  | Entered Level 1 of the Swamp
 30798 | Swamp:1  | Lost intelligence.
 31238 | Swamp:2  | Noticed Nikola
 31527 | Swamp:1  | Killed Nikola
 32028 | Swamp:2  | Noticed Louise
 32059 | Swamp:2  | Killed Louise
 32064 | Swamp:2  | Noticed a thorn hunter
 32070 | Swamp:2  | Killed a thorn hunter
 32735 | Swamp:2  | Reached skill level 19 in Fighting
 33132 | Swamp:2  | Noticed a thorn hunter
 33144 | Swamp:2  | Killed a thorn hunter
 33737 | Swamp:2  | Received a gift from Okawaru
 33949 | Swamp:3  | Paralysed by a hornet for 1 turns
 34229 | Swamp:3  | Noticed a thorn hunter
 34231 | Swamp:3  | Noticed Aizul
 34405 | Swamp:3  | Received a gift from Okawaru
 34751 | Swamp:3  | Killed Aizul
 35039 | Swamp:3  | Killed a thorn hunter
 36058 | Swamp:4  | Entered Level 4 of the Swamp
 36332 | Swamp:3  | Reached XP level 17. HP: 65/168 MP: 22/22
 37412 | Swamp:4  | Reached skill level 15 in Armour
 37419 | Swamp:4  | Received a gift from Okawaru
 37477 | Swamp:4  | HP: 5/168 [spriggan druid/angry trees (8)]
 37478 | Swamp:4  | Killed from afar by a spriggan druid

Skill      XL: |  1  2  3  4  5  6  7  8  9 10 11 12 13 14 15 16 17 |
---------------+----------------------------------------------------+-----
Fighting       | 4 5 7 8 9 11 13 14 15 16 17 18 19 | 19.4
Armour         | 4 5 6 8 10 11 12 13 14 15 | 15.0
Short Blades   | 1 |  1.6
Invocations    | 3 5 6 8 |  8.0
Long Blades    | 4 6 7 8 10 11 12 | 12.2
Crossbows      | 6 11 14 15 16 | 16.0
Shields        | 4 |  4.0
Evocations     | 1 5 7 |  7.0
Dodging        | 2 5 8 9 |  9.1

Action                   |  1- 3 |  4- 6 |  7- 9 | 10-12 | 13-15 | 16-18 || total
-------------------------+-------+-------+-------+-------+-------+-------++-------
Melee: Long sword        |     9 |       |    40 |   284 |   415 |   411 ||  1159
       Short sword       |    83 |    94 |   214 |       |       |       ||   391
       Headbutt          |    17 |    16 |    58 |    76 |   132 |   145 ||   444
 Fire: Hand crossbow     |       |       |       |   336 |   787 |   331 ||  1454
       Arbalest          |       |       |       |       |    42 |    11 ||    53
Throw: Javelin           |       |     7 |    55 |    17 |       |       ||    79
       Tomahawk          |       |       |     1 |     2 |       |       ||     3
Invok: Heroism           |       |       |     1 |    13 |     4 |     5 ||    23
       Finesse           |       |       |       |       |       |     1 ||     1
Evoke: Lamp of fire      |       |       |       |       |     2 |     2 ||     4
       Fan of gales      |       |       |       |       |       |     1 ||     1
       Phial of floods   |       |       |       |       |       |     1 ||     1
  Use: Potion            |       |     2 |       |     5 |     1 |    13 ||    21
       Scroll            |       |     3 |     4 |    16 |    23 |    14 ||    60
  Eat: Chunk             |     1 |     4 |     7 |    31 |    58 |    17 ||   118
       Fruit             |       |       |     2 |     1 |       |     5 ||     8
       Royal jelly       |       |       |     1 |       |       |       ||     1
       Bread ration      |       |       |     1 |     1 |       |       ||     2
Armor: Scale mail        |    42 |    31 |   115 |   299 |     2 |       ||   489
       Robe              |       |       |       |       |     4 |       ||     4
       Acid dragon scale |       |       |       |       |   276 |   148 ||   424
       Plate armour      |       |       |       |       |    46 |       ||    46
       Swamp dragon scal |       |       |       |       |       |    73 ||    73
Dodge: Dodged            |    20 |    24 |    35 |   229 |   349 |   391 ||  1048
       Deflected         |       |       |       |       |       |     6 ||     6
Block: Shield            |    42 |    37 |   102 |   196 |       |       ||   377
       Buckler           |       |       |       |    48 |   285 |   127 ||   460
       Rpst.: Long sword |     3 |       |     4 |    22 |    26 |    63 ||   118
